[Event "Schack-SM 2022: Mastarklassen-Elit"]
[Site "Fyrishov, Idrottsgatan 2, Uppsala, Sweden"]
[Date "2022.07.10"]
[Round "9.5"]
[White "Wiedenkeller, Michael"]
[Black "Cederstam, Carl"]
[Result "1/2-1/2"]
[TimeControl "90 minutes for 40 moves + 30 minutes for the rest of the game + 30 seconds per move from move one."]
[WhiteTitle "IM"]
[BlackTitle "FM"]
[WhiteFideId "1700146"]
[BlackFideId "1713329"]
[WhiteElo "2437"]
[BlackElo "2332"]

1. d4 d5 2. c4 e6 3. Nf3 a6 4. Nbd2 Nf6 5. g3 dxc4 6. Nxc4 b5 7. Nce5 Bb7 8. Bg2 c5 9. Nxf7 Kxf7 10.
Ng5+ Ke7 11. Bxb7 Ra7 12. Bg2 Qxd4 13. Qc2 Nd5 14. O-O Nc6 15. Bd2 g6 16. Rac1 c4 17. Rfd1 Bg7 18. Nxe6 Kxe6 19. Bf4 Ndb4 20. Rxd4 Nxc2 21. Rd6+ Ke7 22. Rxc2 Nd4 23. Rd2 g5 24. R6xd4 Bxd4 25. Bxg5+ Bf6 26. Be3 Rd7 27.
Bc5+ Kd8 28. Bb6+ Ke7 29. Bc5+ Kd8 30. Bb6+ 1/2-1/2

[Event "Schack-SM 2022: Mastarklassen-Elit"]
[Site "Fyrishov, Idrottsgatan 2, Uppsala, Sweden"]
[Date "2022.07.10"]
[Round "9.1"]
[White "Von Bahr, Oskar"]
[Black "Trost, Edvin"]
[Result "0-1"]
[TimeControl "90 minutes for 40 moves + 30 minutes for the rest of the game + 30 seconds per move from move one."]
[WhiteTitle "IM"]
[BlackTitle "FM"]
[WhiteFideId "1703250"]
[BlackFideId "1729519"]
[WhiteElo "2386"]
[BlackElo "2345"]

1. e4 c6 2. d4 d5 3. e5 Bf5 4. h4 h5 5. Bd3 Bxd3 6. Qxd3 Qa5+ 7. Nd2 e6 8. Ngf3 Nh6 9. O-O Nf5 10.
Nb3 Qb5 11. Qd1 c5 12. a4 Qb6 13. dxc5 Bxc5 14. Nxc5 Qxc5 15. b3 Nc6 16. Ba3 Qc3 17. Re1 a5 18. Rb1 Nb4 19. Re2 O-O 20.
Bb2 Qc7 21. c3 Nc6 22. Qd2 Qe7 23. Qf4 Rfd8 24. Ra1 d4 25. Ba3 Qc7 26. c4 d3 27. Re4 Qb6 28. Rb1 Ncd4 29. Nxd4 Nxd4 30.
Qd2 Nxb3 31. Qd1 Qc6 32. Rf4 Nd4 33. Qxd3 Qxa4 34. Bd6 Nf5 35. Rxb7 Qa1+ 36. Rb1 Qxe5 37. Bxe5 Rxd3 38. c5 Rd5 39.
Rb8+ Rxb8 40. Bxb8 Rxc5 41. Ra4 Rb5 42. Bc7 Rb1+ 43. Kh2 Rb4 44. Rxa5 Rxh4+ 45. Kg1 Rc4 46. Bb6 Kh7 47. Ra7 Kg6 48.
Ra2 e5 49. Ba7 f6 50. Bb6 Nd4 51. Bxd4 Rxd4 52. Ra7 Kh6 53. Rf7 Rd6 54. Kf1 g6 55. Ke2 Kg5 56. Ra7 Rb6 57. Re7 Rb2+ 58.
Kf3 h4 59. Re6 Rb3+ 60. Ke2 h3 0-1

[Event "Schack-SM 2022: Mastarklassen-Elit"]
[Site "Fyrishov, Idrottsgatan 2, Uppsala, Sweden"]
[Date "2022.07.10"]
[Round "9.2"]
[White "Ernst, Thomas"]
[Black "Thorn, Eric"]
[Result "1-0"]
[TimeControl "90 minutes for 40 moves + 30 minutes for the rest of the game + 30 seconds per move from move one."]
[WhiteTitle "GM"]
[BlackTitle "FM"]
[WhiteFideId "1700065"]
[BlackFideId "1710729"]
[WhiteElo "2289"]
[BlackElo "2366"]

1. e4 e5 2. Nf3 Nc6 3. Bb5 a6 4. Ba4 Nf6 5. O-O Be7 6. Re1 b5 7. Bb3 d6 8. c3 O-O 9. h3 Na5 10.
Bc2 c5 11. d4 Qc7 12. Nbd2 cxd4 13. cxd4 Nc6 14. d5 Nb4 15. Bb1 a5 16. a3 Na6 17. b4 Bd7 18. Qb3 axb4 19. axb4 Nc5 20.
bxc5 Rxa1 21. c6 Bc8 22. Ba3 Qa7 23. Bb4 Nh5 24. Nf1 Kh8 25. Ne3 Nf4 26. Kh2 Rg8 27. Qb2 f6 28. Rc1 g6 29.
Re1 Ra4 30. Rd1 Bf8 31. Rd2 g5 32. Ng1 Qg7 33. Nf1 Qh6 34. Rd1 Qh5 35. Bc2 Ra7 36. Bd2 Rag7 37. Ra1 Qh6 38. Ra8 Be7 39.
Qxb5 g4 40. Rxc8 Rxc8 41. Qb7 Re8 42. c7 Rgg8 43. Ba4 Rc8 44. Bd7 Qf8 45. hxg4 Nd3 46. Be3 Nc5 47. Bxc5 dxc5 48. Qc6 Rxc7 49.
Qxc7 Qb8 50. Qc6 Qb4 51. d6 Bd8 52. Be6 Rf8 53. Ne3 1-0

[Event "Schack-SM 2022: Mastarklassen-Elit"]
[Site "Fyrishov, Idrottsgatan 2, Uppsala, Sweden"]
[Date "2022.07.10"]
[Round "9.3"]
[White "Andersson, Tommy"]
[Black "Engqvist, Thomas"]
[Result "1-0"]
[TimeControl "90 minutes for 40 moves + 30 minutes for the rest of the game + 30 seconds per move from move one."]
[WhiteTitle "IM"]
[BlackTitle "IM"]
[WhiteFideId "1703803"]
[BlackFideId "1700332"]
[WhiteElo "2384"]
[BlackElo "2330"]

1. d4 Nf6 2. c4 e6 3. Nf3 Bb4+ 4. Bd2 c5 5. Bxb4 cxb4 6. g3 O-O 7. Bg2 d6 8. O-O Qc7 9. Nbd2 a5 10.
Rc1 b6 11. a3 Na6 12. Ne1 Bb7 13. Bxb7 Qxb7 14. Nd3 bxa3 15. bxa3 e5 16. e3 Rfe8 17. Rb1 Rab8 18. Nb2 Qd7 19.
Na4 exd4 20. exd4 b5 21. cxb5 Rxb5 22. Rxb5 Qxb5 23. Qb3 Qe2 24. Qc3 Qb5 25. Qc4 Rb8 26. Qxb5 Rxb5 27. Rc1 Ne8 28.
Rc8 Kf8 29. Nc3 Rb8 30. Rxb8 Nxb8 31. Nc4 Nc6 32. d5 Ne7 33. Nxa5 Nf6 34. Nc4 Nc8 35. f3 Ke7 36. Kf2 Kd7 37.
Ke3 Ne7 38. Kd3 1-0

[Event "Schack-SM 2022: Mastarklassen-Elit"]
[Site "Fyrishov, Idrottsgatan 2, Uppsala, Sweden"]
[Date "2022.07.10"]
[Round "9.4"]
[White "Furhoff, Johan"]
[Black "Johansson, Jan"]
[Result "1-0"]
[TimeControl "90 minutes for 40 moves + 30 minutes for the rest of the game + 30 seconds per move from move one."]
[WhiteTitle "IM"]
[BlackTitle "IM"]
[WhiteFideId "1701797"]
[BlackFideId "1700103"]
[WhiteElo "2348"]
[BlackElo "2306"]

1. e4 e6 2. d4 d5 3. Nc3 Bb4 4. e5 c5 5. a3 Ba5 6. b4 cxd4 7. Qg4 Ne7 8. bxa5 dxc3 9. Qxg7 Rg8 10.
Qxh7 Nbc6 11. Nf3 Qc7 12. Bf4 Bd7 13. Bg3 O-O-O 14. Bd3 Qxa5 15. Qxf7 Rdf8 16. Qh7 Rh8 17. Qg7 Rhg8 18. Qh6 Nb4 19.
Bh7 Nf5 20. Qc1 Nc6 21. Bxg8 Rxg8 22. O-O Be8 23. Re1 Bh5 24. Nh4 Nxh4 25. Bxh4 Nd4 26. Qh6 Bg6 27. Rac1 Qxa3 28. Bg5 Qa6 29.
Ra1 Qb6 30. Be3 Be4 31. Bxd4 Rxg2+ 32. Kh1 Qxd4 33. f3 Rg1+ 34. Rxg1 Bxf3+ 35. Rg2 Bxg2+ 36. Kxg2 1-0

[Event "Schack-SM 2022: Mastarklassen-Elit"]
[Site "Fyrishov, Idrottsgatan 2, Uppsala, Sweden"]
[Date "2022.07.09"]
[Round "8.1"]
[White "Thorn, Eric"]
[Black "Von Bahr, Oskar"]
[Result "0-1"]
[TimeControl "90 minutes for 40 moves + 30 minutes for the rest of the game + 30 seconds per move from move one."]
[WhiteTitle "FM"]
[BlackTitle "IM"]
[WhiteFideId "1710729"]
[BlackFideId "1703250"]
[WhiteElo "2366"]
[BlackElo "2386"]

1. d4 Nf6 2. c4 e6 3. Nf3 d5 4. g3 Bb4+ 5. Bd2 Be7 6. Bg2 O-O 7. O-O Nbd7 8. Qc2 c6 9. Rd1 b6 10.
Bf4 Bb7 11. Nc3 dxc4 12. Nd2 Nd5 13. Nxc4 Nxf4 14. gxf4 Qc7 15. e3 Rad8 16. Rac1 c5 17. d5 exd5 18. Nxd5 Bxd5 19. Rxd5 b5 20.
Ne5 Nxe5 21. Rxe5 a6 22. a4 bxa4 23. Qxa4 Rd2 24. Rd5 Rxd5 25. Bxd5 Qd6 26. Rd1 Qg6+ 27. Bg2 Rb8 28. h3 Bf8 29.
b3 Qc2 30. Qd7 Qxb3 31. f5 Qb5 32. Qc7 Qb6 33. Qe5 Rd8 34. Bd5 Bd6 35. Qe4 Qc7 36. f6 gxf6 37. Kh1 Kh8 38. Qf5 Be5 39.
f4 Bc3 40. Rc1 Qd7 41. Qxd7 Rxd7 42. Rxc3 Rxd5 43. Kg2 f5 44. Kf3 a5 45. Rc4 Kg7 46. Ra4 c4 47. Rxc4 Rd6 48. Rc5 Ra6 49.
Rxf5 a4 50. Rg5+ Kf6 51. Rg2 a3 52. Ra2 Ke6 53. Ke4 Ra4+ 54. Kd3 f5 55. Kc2 Kd5 56. Kb1 Ke4 57. Rg2 Kxe3 58. Rg7 Kxf4 59.
Rxh7 Kg3 60. Ka2 f4 61. h4 f3 62. h5 f2 63. Rg7+ Rg4 64. Rf7 Rf4 0-1

[Event "Schack-SM 2022: Mastarklassen-Elit"]
[Site "Fyrishov, Idrottsgatan 2, Uppsala, Sweden"]
[Date "2022.07.09"]
[Round "8.2"]
[White "Trost, Edvin"]
[Black "Andersson, Tommy"]
[Result "1/2-1/2"]
[TimeControl "90 minutes for 40 moves + 30 minutes for the rest of the game + 30 seconds per move from move one."]
[WhiteTitle "FM"]
[BlackTitle "IM"]
[WhiteFideId "1729519"]
[BlackFideId "1703803"]
[WhiteElo "2345"]
[BlackElo "2384"]

1. e4 c5 2. Nf3 d6 3. Nc3 e5 4. Bc4 Nc6 5. d3 h6 6. Nd2 Nf6 7. Nf1 a6 8. a4 Be7 9. Ne3 Nb4 10.
Ncd5 Nbxd5 11. Nxd5 Nxd5 12. Bxd5 Bf6 13. c3 Qe7 14. Qb3 O-O 15. O-O Rb8 16. f4 Be6 17. Be3 exf4 18. Bxf4 b6 19.
Rf2 b5 20. axb5 axb5 21. Ra6 Rfd8 22. Bxe6 fxe6 23. Qd1 b4 24. d4 bxc3 25. bxc3 cxd4 26. cxd4 Rb4 27. Ra4 Rdb8 28. Rxb4 Rxb4 29. e5 dxe5 30. Bxe5 Bxe5 31. dxe5 Re4 32. Qb1 Rb4 33. Qc2 Qb7 34.
h3 Qd5 35. Re2 Rc4 36. Qb2 Qd1+ 37. Kh2 Rc1 38. Rf2 Rb1 39. Qa2 Qb3 40. Qa8+ Qb8 41. Qe4 Rb4 42. Qe3 Rb5 43. Re2 Qc7 44.
Qe4 Rd5 45. Qg6 Rxe5 46. Qg3 Rc5 1/2-1/2

[Event "Schack-SM 2022: Mastarklassen-Elit"]
[Site "Fyrishov, Idrottsgatan 2, Uppsala, Sweden"]
[Date "2022.07.09"]
[Round "8.3"]
[White "Johansson, Jan"]
[Black "Ernst, Thomas"]
[Result "0-1"]
[TimeControl "90 minutes for 40 moves + 30 minutes for the rest of the game + 30 seconds per move from move one."]
[WhiteTitle "IM"]
[BlackTitle "GM"]
[WhiteFideId "1700103"]
[BlackFideId "1700065"]
[WhiteElo "2306"]
[BlackElo "2289"]

1. d4 Nf6 2. c4 g6 3. Nc3 d5 4. Bg5 Ne4 5. Bh4 c5 6. cxd5 Nxc3 7. bxc3 Qxd5 8. e3 cxd4 9. Qxd4 Qxd4 10.
cxd4 e6 11. Bb5+ Bd7 12. Rb1 Bxb5 13. Rxb5 b6 14. Nf3 Be7 15. Kd2 Bxh4 16. Nxh4 Nc6 17. Rc1 Rc8 18. Nf3 f6 19. Rb3 Kd7 20.
g4 e5 21. g5 e4 22. Ng1 fxg5 23. Rbc3 Rhf8 24. Ke2 Nb4 25. Rxc8 Rxc8 26. Rxc8 Kxc8 27. f3 Nxa2 28. fxe4 b5 29.
Kd3 b4 30. Nf3 a5 31. Nd2 h5 32. Nc4 g4 33. Nxa5 h4 34. Ke2 Nc3+ 0-1

[Event "Schack-SM 2022: Mastarklassen-Elit"]
[Site "Fyrishov, Idrottsgatan 2, Uppsala, Sweden"]
[Date "2022.07.09"]
[Round "8.4"]
[White "Engqvist, Thomas"]
[Black "Wiedenkeller, Michael"]
[Result "1-0"]
[TimeControl "90 minutes for 40 moves + 30 minutes for the rest of the game + 30 seconds per move from move one."]
[WhiteTitle "IM"]
[BlackTitle "IM"]
[WhiteFideId "1700332"]
[BlackFideId "1700146"]
[WhiteElo "2330"]
[BlackElo "2437"]

1. Nf3 d5 2. g3 c6 3. Bg2 Bg4 4. c4 Nf6 5. Ne5 Be6 6. cxd5 Bxd5 7. Nf3 c5 8. Nc3 Bc6 9. O-O Nbd7 10.
d3 e6 11. e4 Be7 12. Ne1 O-O 13. f4 b5 14. e5 Nd5 15. Nxd5 Bxd5 16. Bxd5 exd5 17. Qb3 c4 18. Qxb5 Nc5 19.
dxc4 Rb8 20. Qc6 dxc4 21. Be3 Qa5 22. Qd5 Rxb2 23. Qxc4 Nb3 24. axb3 Qxa1 25. Bd4 Qa2 26. Bxb2 Qxb2 27.
Nf3 Qa3 28. Rd1 Qc5+ 29. Qxc5 Bxc5+ 30. Kg2 Rb8 31. Rc1 Bb6 32. Ng5 f6 33. exf6 gxf6 34. Ne4 Kf7 35. Rc6 Bd8 36. Nd6+ Ke6 37.
Nb7+ Kd7 38. Nxd8 Kxd8 39. Rxf6 Rxb3 40. Rf7 a5 41. Rxh7 Kc8 42. f5 Rb5 43. f6 Rf5 44. f7 Kd8 45.
g4 Rf4 46. Kg3 Rf1 47. f8=Q+ Rxf8 48. Ra7 1-0

[Event "Schack-SM 2022: Mastarklassen-Elit"]
[Site "Fyrishov, Idrottsgatan 2, Uppsala, Sweden"]
[Date "2022.07.09"]
[Round "8.5"]
[White "Cederstam, Carl"]
[Black "Furhoff, Johan"]
[Result "1/2-1/2"]
[TimeControl "90 minutes for 40 moves + 30 minutes for the rest of the game + 30 seconds per move from move one."]
[WhiteTitle "FM"]
[BlackTitle "IM"]
[WhiteFideId "1713329"]
[BlackFideId "1701797"]
[WhiteElo "2332"]
[BlackElo "2348"]

1. Nf3 d5 2. d4 Nf6 3. c4 c6 4. Nc3 e6 5. Bg5 h6 6. Bxf6 Qxf6 7. e3 Nd7 8. Bd3 g6 9. O-O Bg7 10.
a4 O-O 11. a5 Qe7 12. Qb3 Rb8 13. Rfd1 b6 14. axb6 axb6 15. Ra7 Bb7 16. e4 dxe4 17. Bxe4 f5 18. Bc2 c5 19. d5 e5 20.
d6 Qd8 21. Nd5 Kh7 22. Ne7 Bf6 23. Qb5 Rf7 24. Ba4 e4 25. Qxd7 Qxd7 26. Bxd7 exf3 27. Bc6 Bxe7 28. dxe7 Rxe7 29.
gxf3 Rg7 30. Rd7 Rxd7 31. Bxd7 Kg8 32. Kg2 f4 33. h4 Kf8 34. Bb5 h5 35. Bd7 Bc8 36. Rc7 Bxd7 37. Rxd7 b5 38.
Rh7 Rb6 39. Rc7 bxc4 40. Rxc5 Rb4 41. Rc7 Kg8 42. Kf1 Kf8 43. Ke1 Kg8 44. Kf1 Kf8 45. Ke1 Kg8 46. Kf1 Kf8 1/2-1/2

[Event "Schack-SM 2022: Mastarklassen-Elit"]
[Site "Fyrishov, Idrottsgatan 2, Uppsala, Sweden"]
[Date "2022.07.08"]
[Round "7.1"]
[White "Andersson, Tommy"]
[Black "Thorn, Eric"]
[Result "1/2-1/2"]
[TimeControl "90 minutes for 40 moves + 30 minutes for the rest of the game + 30 seconds per move from move one."]
[WhiteTitle "IM"]
[BlackTitle "FM"]
[WhiteFideId "1703803"]
[BlackFideId "1710729"]
[WhiteElo "2384"]
[BlackElo "2366"]

1. d4 d5 2. Nf3 Nf6 3. g3 c5 4. c3 e6 5. Bg2 Be7 6. dxc5 Bxc5 7. c4 Qa5+ 8. Nc3 Ne4 9. O-O Nxc3 10.
bxc3 Qxc3 11. Bf4 d4 12. Rc1 Qb2 13. Rb1 Qxa2 14. Nxd4 O-O 15. Nb3 Be7 16. Ra1 Qb2 17. Na5 e5 18.
Be3 Na6 19. Rb1 Qa2 20. Nxb7 Bg4 21. Ra1 Qxc4 22. Na5 Qxe2 23. Qxe2 Bxe2 24. Rfe1 Bd3 25. Bxa8 Rxa8 26. Nc6 Bf6 27.
Nxa7 e4 28. Rac1 Nb4 29. Rc8+ Rxc8 30. Nxc8 Nc2 31. Rb1 Be5 32. Bf4 Nd4 33. Rb6 Ne2+ 34. Kg2 Nxf4+ 35. gxf4 Bxf4 36. Ne7+ Kf8 37.
Nf5 g6 38. Ne3 Be2 39. Rb7 Bf3+ 40. Kg1 h5 41. Ra7 h4 42. Ra4 Kg7 43. Ng2 Bxg2 44. Kxg2 f5 45. h3 g5 46. f3 exf3+ 1/2-1/2

[Event "Schack-SM 2022: Mastarklassen-Elit"]
[Site "Fyrishov, Idrottsgatan 2, Uppsala, Sweden"]
[Date "2022.07.08"]
[Round "7.2"]
[White "Von Bahr, Oskar"]
[Black "Johansson, Jan"]
[Result "1-0"]
[TimeControl "90 minutes for 40 moves + 30 minutes for the rest of the game + 30 seconds per move from move one."]
[WhiteTitle "IM"]
[BlackTitle "IM"]
[WhiteFideId "1703250"]
[BlackFideId "1700103"]
[WhiteElo "2386"]
[BlackElo "2306"]

1. e4 d6 2. d4 Nf6 3. Nc3 e5 4. Nf3 Nbd7 5. Rg1 Be7 6. g4 exd4 7. Nxd4 Nc5 8. f3 d5 9. g5 dxe4 10.
gxf6 Bxf6 11. Be3 Bh4+ 12. Kd2 O-O 13. Kc1 Qf6 14. b4 exf3 15. bxc5 f2 16. Rg3 Bxg3 17. hxg3 Qe5 18. Bxf2 Qxc5 19.
Qf3 Bg4 20. Qxg4 Qxc3 21. Nb3 Rfe8 22. Be2 Rad8 23. Bd4 Rxd4 24. Qxd4 Qxd4 25. Nxd4 c5 26. Bf3 cxd4 27. Bxb7 h5 28.
Kd2 Re3 29. Rg1 f5 30. c4 1-0

[Event "Schack-SM 2022: Mastarklassen-Elit"]
[Site "Fyrishov, Idrottsgatan 2, Uppsala, Sweden"]
[Date "2022.07.08"]
[Round "7.3"]
[White "Wiedenkeller, Michael"]
[Black "Trost, Edvin"]
[Result "1-0"]
[TimeControl "90 minutes for 40 moves + 30 minutes for the rest of the game + 30 seconds per move from move one."]
[WhiteTitle "IM"]
[BlackTitle "FM"]
[WhiteFideId "1700146"]
[BlackFideId "1729519"]
[WhiteElo "2437"]
[BlackElo "2345"]

1. d4 Nf6 2. c4 g6 3. g3 Bg7 4. Bg2 O-O 5. Nc3 d6 6. Nf3 Nc6 7. O-O Bd7 8. Bf4 Ng4 9. h3 e5 10.
Bg5 f6 11. Bc1 Nh6 12. e4 Nf7 13. Be3 Ng5 14. Nxg5 fxg5 15. dxe5 dxe5 16. Bxg5 Qxg5 17. Qxd7 Rad8 18. Qe6+ Kh8 19.
Rad1 Rd2 20. f4 Qd8 21. f5 Rxd1 22. Rxd1 Nd4 23. Qd5 Qg5 24. Kh2 h5 25. h4 Qe3 26. Rf1 g5 27. f6 Bxf6 28. Rxf6 Rxf6 29. Qd8+ Kh7 30.
Qe7+ Kg6 31. Qxf6+ 1-0

[Event "Schack-SM 2022: Mastarklassen-Elit"]
[Site "Fyrishov, Idrottsgatan 2, Uppsala, Sweden"]
[Date "2022.07.08"]
[Round "7.4"]
[White "Engqvist, Thomas"]
[Black "Cederstam, Carl"]
[Result "1/2-1/2"]
[TimeControl "90 minutes for 40 moves + 30 minutes for the rest of the game + 30 seconds per move from move one."]
[WhiteTitle "IM"]
[BlackTitle "FM"]
[WhiteFideId "1700332"]
[BlackFideId "1713329"]
[WhiteElo "2330"]
[BlackElo "2332"]

1. d4 d5 2. c4 e6 3. Nc3 a6 4. cxd5 exd5 5. Nf3 c6 6. Bf4 Bd6 7. Bxd6 Qxd6 8. Qb3 Ne7 9. e3 O-O 10.
Bd3 Nd7 11. O-O Nf6 12. Qc2 g6 13. Rab1 Bf5 14. b4 Rfe8 15. a4 Rac8 16. a5 Bxd3 17. Qxd3 Nf5 18. Na4 Rc7 19. Nc5 Ne4 20.
Ne5 Qd8 21. Qc2 Qh4 22. Nxe4 dxe4 23. b5 axb5 24. Rxb5 f6 25. Qb3+ Kf8 26. Rxb7 Rxb7 27. Nxg6+ hxg6 28. Qxb7 Qg5 29.
Qxc6 Nh4 30. Qd6+ Kf7 31. Qg3 Qxg3 32. hxg3 Nf5 33. Ra1 Ra8 34. g4 Nd6 35. a6 Ke6 36. a7 Ne8 37. Ra6+ Ke7 38.
f3 Nd6 39. Kf2 f5 40. gxf5 gxf5 41. Kg3 exf3 42. gxf3 Ke6 43. Kf4 Kd5 44. Ra5+ Kc6 45. Rc5+ Kd7 46. Ra5 Kc6 47. Ra3 Kd5 48. Kg5 Rg8 49.
Kf6 Rf8+ 50. Kg7 Ra8 51. Ra5+ Ke6 52. Ra6 Kd5 53. Ra5+ Ke6 54. Kg6 Rg8 55. Kh5 Ra8 56. Kg5 Kd7 57.
Ra6 Ke6 58. Ra5 Kd7 59. Kf6 Rf8+ 60. Kg7 Ra8 61. Kg6 Rg8+ 62. Kh5 Ra8 63. Kh4 Ke6 64. Kg3 Kd7 65. Kf2 Kc6 66. Ra6+ Kd5 67.
Kg3 Nc4 68. Kf4 Nd6 69. Ra5+ Kc6 70. d5+ Kb6 71. Ra1 Kc5 72. e4 fxe4 73. fxe4 Nc4 74. Kf5 Nd6 75. Ke6 Nxe4 76. Ke5 Nd6 77.
Rc1+ Nc4 78. Ke6 Rxa7 79. d6 Ra6 80. Ke7 Rxd6 81. Rxc4+ Kxc4 82. Kxd6 1/2-1/2

[Event "Schack-SM 2022: Mastarklassen-Elit"]
[Site "Fyrishov, Idrottsgatan 2, Uppsala, Sweden"]
[Date "2022.07.08"]
[Round "7.5"]
[White "Ernst, Thomas"]
[Black "Furhoff, Johan"]
[Result "1-0"]
[TimeControl "90 minutes for 40 moves + 30 minutes for the rest of the game + 30 seconds per move from move one."]
[WhiteTitle "GM"]
[BlackTitle "IM"]
[WhiteFideId "1700065"]
[BlackFideId "1701797"]
[WhiteElo "2289"]
[BlackElo "2348"]

1. d4 d5 2. c4 c6 3. Nf3 Nf6 4. Nc3 a6 5. c5 Bg4 6. Ne5 Bh5 7. Qb3 Ra7 8. h3 Nbd7 9. g4 Bg6 10.
Nxg6 hxg6 11. Bg2 e5 12. e3 g5 13. Bd2 g6 14. O-O-O Bg7 15. Qc2 O-O 16. dxe5 Nxe5 17. e4 Nc4 18.
exd5 Nxd5 19. Bxd5 cxd5 20. Be3 d4 21. Bxd4 Bxd4 22. Qe4 Re8 23. Qxd4 Qxd4 24. Rxd4 b5 25. cxb6 Nxb6 26. Rhd1 Kg7 27.
Rd8 Re5 28. R1d6 Rb7 29. b3 Rc5 30. Kd2 Ra5 31. Kd3 f5 32. Kd4 Kf7 33. gxf5 gxf5 34. Rh8 Kg7 35. Rhh6 Rd7 36. Rhg6+ Kf7 37. Rxd7+ Nxd7 38. Rxg5 Nf8 39. Rg3 Ne6+ 40. Kc4 Rc5+ 41. Kb4 Kf6 42. Re3 a5+ 43. Ka4 f4 44. Ne4+ 1-0

[Event "Schack-SM 2022: Mastarklassen-Elit"]
[Site "Fyrishov, Idrottsgatan 2, Uppsala, Sweden"]
[Date "2022.07.07"]
[Round "6.4"]
[White "Cederstam, Carl"]
[Black "Ernst, Thomas"]
[Result "0-1"]
[TimeControl "90 minutes for 40 moves + 30 minutes for the rest of the game + 30 seconds per move from move one."]
[WhiteTitle "FM"]
[BlackTitle "GM"]
[WhiteFideId "1713329"]
[BlackFideId "1700065"]
[WhiteElo "2332"]
[BlackElo "2289"]

1. d4 Nf6 2. c4 g6 3. Nc3 d5 4. h4 c5 5. cxd5 Nxd5 6. h5 Bg7 7. hxg6 hxg6 8. Rxh8+ Bxh8 9. Nxd5 Qxd5 10.
dxc5 Qxc5 11. Bd2 Nc6 12. Rc1 Qd5 13. Bc3 Bxc3+ 14. Rxc3 Qxa2 15. Qc1 Bd7 16. Nf3 Qa5 17. e4 Ne5 18.
Nxe5 Qxe5 19. Bd3 Qh2 20. Qg5 Bc6 21. Bb5 Qd6 22. Bxc6+ bxc6 23. g3 Rb8 24. Kf1 Rxb2 25. Qg4 Kf8 26.
Kg2 Rxf2+ 0-1

[Event "Schack-SM 2022: Mastarklassen-Elit"]
[Site "Fyrishov, Idrottsgatan 2, Uppsala, Sweden"]
[Date "2022.07.07"]
[Round "6.5"]
[White "Trost, Edvin"]
[Black "Engqvist, Thomas"]
[Result "1-0"]
[TimeControl "90 minutes for 40 moves + 30 minutes for the rest of the game + 30 seconds per move from move one."]
[WhiteTitle "FM"]
[BlackTitle "IM"]
[WhiteFideId "1729519"]
[BlackFideId "1700332"]
[WhiteElo "2345"]
[BlackElo "2330"]

1. d4 Nf6 2. Nc3 d5 3. Bf4 c6 4. e3 Qb6 5. Rb1 e6 6. Nf3 c5 7. Be2 c4 8. O-O Qa5 9. e4 Bb4 10.
Bd2 Nc6 11. a3 Bxc3 12. Bxc3 Qd8 13. e5 Ne4 14. Be1 b5 15.
g3 f6 16. exf6 Qxf6 17. c3 O-O 18. Bd2 e5 19. Be3 Be6 20. Nxe5 Nxe5 21. dxe5 Qxe5 22. Re1 Rf7 23. Qd4 Qc7 24. Bf4 Rxf4 25. gxf4 Qxf4 26. f3 Ng5 27. Qxf4 Nh3+ 28. Kg2 Nxf4+ 29. Kg3 g5 30.
h4 h6 31. Bf1 Kf7 32. hxg5 hxg5 33. b3 Bf5 34. Rb2 a6 35. bxc4 dxc4 36. a4 Bd7 37.
Rd2 Ra7 38. Rd6 Be6 39. Rb6 Bd7 40. Re5 Nd3 41. Bxd3 cxd3 42. a5 Bc8 43. Rd6 Rc7 44. Rxd3 Rc4 45. Rxg5 Ra4 46. Rc5 Be6 47.
Rc7+ Kf6 48. Rd6 Kf5 49. Rc5+ 1-0

[Event "Schack-SM 2022: Mastarklassen-Elit"]
[Site "Fyrishov, Idrottsgatan 2, Uppsala, Sweden"]
[Date "2022.07.07"]
[Round "6.1"]
[White "Johansson, Jan"]
[Black "Andersson, Tommy"]
[Result "1/2-1/2"]
[TimeControl "90 minutes for 40 moves + 30 minutes for the rest of the game + 30 seconds per move from move one."]
[WhiteTitle "IM"]
[BlackTitle "IM"]
[WhiteFideId "1700103"]
[BlackFideId "1703803"]
[WhiteElo "2306"]
[BlackElo "2384"]

1. d4 d5 2. Nf3 Nf6 3. Bf4 c6 4.
Nbd2 g6 5. e3 Bg7 6. Bd3 O-O 7. h3 Qb6 8. b3 c5 9. c3 Nc6 10. O-O Nd7 11. e4 e6 12. dxc5 Qxc5 13. Rc1 Nde5 14.
Bb1 Nxf3+ 15. Qxf3 a5 16. Qg3 Re8 17. Rfd1 Qe7 18. Nf3 dxe4 19. Bd6 Qf6 20. Bxe4 h6 21. Bxc6 bxc6 22. Be5 Qf5 23.
Bxg7 Kxg7 24. Qc7 c5 25. Ne5 a4 26. b4 cxb4 27. cxb4 Rf8 28. Rc5 Qe4 29. Rd3 Qb7 30. Rg3 Qxc7 31.
Rxc7 Kf6 32. Nxg6 Rg8 33. Nf4 Rxg3 34. Nh5+ Ke5 35. Nxg3 f5 36. Ne2 Kd6 37. Rc5 a3 38. Nd4 Rb8 39.
Nc2 Bb7 40. Nxa3 Bd5 41. Nb5+ Ke5 42. a3 Ke4 43. f3+ Kd3 44. Kf2 f4 45. Nc3 Kd4 46. Nb5+ Kd3 47. Ke1 Bc4 48. Nd6 Bd5 49.
Rc1 Rb6 50. Nf7 Ra6 51. Ra1 h5 52. Ne5+ Kc2 53. b5 Ra5 54. Ng6 Ra4 55. Rd1 Bc4 56. Nxf4 Rxa3 57. Rd4 Kc3 58. Re4 Ra1+ 59.
Kf2 Rb1 60. Nxh5 Rxb5 61. Nf4 e5 62. Ne2+ Kd3 63. Re3+ Kd2 64. Ng3 Bd3 65. Ne4+ Kc2 66. g4 Rb1 67. g5 Bb5 68. Rc3+ Kd1 69.
g6 Rb2+ 70. Kg3 Bf1 71. Nf2+ Kd2 72. Rc6 Rb7 73. h4 Be2 74. Rd6+ Ke1 75. Rf6 Bc4 76. h5 Rb2 77. Nh3 Bf1 78.
Ng5 Rg2+ 79. Kh4 Rh2+ 80. Kg4 Rg2+ 81. Kf5 Bd3+ 82. Ne4 Ke2 83. Kxe5 Ke3 84. Rf5 Ra2 85. Rf6 Ra5+ 86. Kd6 Rxh5 87.
Nc5 Bxg6 1/2-1/2

[Event "Schack-SM 2022: Mastarklassen-Elit"]
[Site "Fyrishov, Idrottsgatan 2, Uppsala, Sweden"]
[Date "2022.07.07"]
[Round "6.2"]
[White "Thorn, Eric"]
[Black "Wiedenkeller, Michael"]
[Result "1/2-1/2"]
[TimeControl "90 minutes for 40 moves + 30 minutes for the rest of the game + 30 seconds per move from move one."]
[WhiteTitle "FM"]
[BlackTitle "IM"]
[WhiteFideId "1710729"]
[BlackFideId "1700146"]
[WhiteElo "2366"]
[BlackElo "2437"]

1. Nf3 d5 2. c4 e6 3. d4 Nf6 4. g3 Bb4+ 5. Bd2 a5 6. Qc2 Nc6 7. Bg2 dxc4 8. Qxc4 Qd5 9. Qxd5 exd5 10.
O-O Bg4 11. Be3 Na7 12. Bf4 c6 13. a3 Be7 14. Nc3 O-O 15. Rfc1 Rfe8 16. Nd2 Be6 17. Nb3 b6 18. Na4 Bd8 19.
Bg5 h6 20. Bxf6 Bxf6 21. e3 Rab8 22. Nd2 Bd7 23. Nc3 Nc8 24. b4 Nd6 25. bxa5 bxa5 26. Na4 Be7 27. Nc5 Bf5 28. Ncb3 a4 29.
Na5 Rb2 30. Nf3 Ne4 31. Nxc6 Nxf2 32. Nxe7+ Rxe7 33. Rf1 Nh3+ 34. Kh1 Rxe3 35. Rae1 Rxe1 36. Rxe1 Rb3 37. Nh4 Be4 38. Bxe4 Nf2+ 39.
Kg1 Nxe4 40. Nf5 Kf8 41. Ne3 Nc3 42. Ra1 g6 43. Kg2 Rb2+ 44. Kf3 Rxh2 45. Rc1 Nb5 46. Rc8+ Kg7 47. Nxd5 Nxd4+ 48. Ke4 Nb5 49. Ra8 Rd2 50. Nf4 Ra2 51. Ra5 Nd6+ 52. Kd5 Nf5 53. Rxa4 Nxg3 54. Ra7 Ne2 55. Ne6+ Kf6 56. Nc5 Rd2+ 57.
Ke4 Nc3+ 58. Ke3 Rd5 59. Nd7+ Kg7 60. Nb6 Rd6 61. Nc4 Re6+ 62. Kd3 Nb5 63. Rd7 Ra6 64. Ne5 Rxa3+ 65. Kc4 Ra7 66.
Kxb5 Rxd7 67. Nxd7 h5 68. Kc4 h4 69. Nc5 Kf6 70. Kd3 Kf5 71. Ke3 g5 72. Ne4 h3 73.
Ng3+ Kg4 74. Nf1 f5 75. Kf2 Kf4 76. Ng3 g4 77. Ne2+ Ke4 78. Kg3 Ke3 79. Nf4 Kd2 80. Kf2 h2 81. Kg2 Ke3 82. Nh5 h1=Q+ 83. Kxh1 Kf2 84. Nf6 g3 85. Ne4+ Kf3 86. Ng5+ Kf2 87. Ne4+ fxe4 1/2-1/2